 Dungeon Crawl Stone Soup version 0.23.1 (webtiles) character file.

Game seed: 17219323314199669983

105 Borgoz the Sneak (level 5, -7/29 HPs)
             Began as a Kobold Enchanter on Mar 2, 2019.
             Killed by divine providence
             ... invoked by an orc priest
              (16 damage)
             ... on level 4 of the Dungeon.
             The game lasted 00:05:57 (3019 turns).

Borgoz the Sneak (Kobold Enchanter)                 Turns: 3019, Time: 00:05:58

Health: -7/29      AC:  3    Str:  6    XL:     5   Next: 8%
Magic:  8/8        EV: 16    Int: 16    God:
Gold:   20         SH:  0    Dex: 16    Spells: 5/8 levels left

rFire    . . .     SeeInvis .   a - +1 dagger
rCold    . . .     Gourm    .   (shield restricted)
rNeg     . . .     Faith    .   b - +0 robe
rPois    .         Spirit   .   (no helmet)
rElec    .         Reflect  .   k - +0 cloak
rCorr    .         Harm     .   (no gloves)
MR       .....                  (no boots)
Stlth    +++.......             (no amulet)
HPRegen  0.09/turn              (no ring)
MPRegen  0.11/turn              (no ring)

@: lethally poisoned (-7 -> -12), about to teleport
A: small, carnivore
a: no special abilities


You were on level 4 of the Dungeon.
You were completely stuffed.

You visited 1 branch of the dungeon, and saw 4 of its levels.

You collected 20 gold pieces.

Inventory:

Hand Weapons
 a - a +1 dagger (weapon)
Armour
 b - a +0 robe (worn)
 k - a +0 cloak (worn)
Scrolls
 f - a scroll of blinking {unknown}
 l - a scroll of remove curse {unknown}
Potions
 c - a potion of magic
 h - a potion of cancellation
Comestibles
 d - 6 rations
 g - 3 chunks of flesh


   Skills:
 + Level 1.1 Fighting
 + Level 3.3 Short Blades
 + Level 3.8 Dodging
 + Level 5.0 Stealth
 + Level 2.3 Spellcasting
 + Level 3.1 Hexes


You had 5 spell levels left.
You knew the following spells:

 Your Spells              Type           Power        Failure   Level  Hunger
a - Corona                Hex            ##.....      5%          1    #......
b - Ensorcelled Hibernat  Hex/Ice        #.....       16%         2    ###....

Your spell library contained the following spells:

 Spells                   Type           Power        Failure   Level  Hunger
 Confuse                  Hex            ##......     17%         3    ###....
 Tukima's Dance           Hex            ##......     17%         3    ###....
 Dazzling Spray           Conj/Hex       #.....       32%         3    ###....


Dungeon Overview and Level Annotations

Branches:
Dungeon (3/15)

Altars:


Innate Abilities, Weirdness & Mutations

You are small and have problems with some larger weapons.
You are carnivorous and can eat meat at any time.


Message History

You're too confused!
Okay, then.
You feel sick. The scorpion barely misses you. The orc misses you.
You bump into the rock wall.
The scorpion stings you. The orc wizard barely misses you.
The orc hits you but does no damage.
You feel sick.
You feel less confused.
Okay, then.
As you read the scroll of teleportation, it crumbles to dust.
You feel strangely unstable.
You feel sick. The scorpion barely misses you.
You hit the scorpion but do no damage.
The scorpion is severely wounded.
You feel sick. The scorpion stings you.
The orc wizard mumbles some strange words.
The orc wizard flickers and vanishes!
Deactivating autopickup; reactivate with Ctrl-A.
The orc priest invokes the aid of Beogh against you.
Beogh smites you!
Ouch! That really hurt!
You die...

# .#.. . ...####
.##.#.#.# ......
#.######.###.
#...###{s.@.......
#>##....#o##########.
#.$$......#
###..<..## #....##
.....?.## ####.## #.
.


You could see a scorpion and an orc priest.

Vanquished Creatures
  3 adders
  A worm (D:2)
  2 dart slugs (D:1)
  2 leopard geckos
  5 orcs (D:2)
  9 bats
  2 giant cockroaches (D:2)
  9 goblins
  5 hobgoblins
  10 jackals (D:2)
  A quokka (D:2)
  A ball python (D:1)
  2 frilled lizards
  4 kobolds
  4 rats
60 creatures vanquished.

Notes
Turn   | Place    | Note
-------+----------+-------------------------------------------
     0 | D:1      | Borgoz the Kobold Enchanter began the quest for the Orb.
     0 | D:1      | Reached XP level 1. HP: 10/10 MP: 3/3
   156 | D:1      | Reached XP level 2. HP: 14/15 MP: 5/5
   160 | D:1      | Learned a level 2 spell: Ensorcelled Hibernation
   851 | D:2      | Reached XP level 3. HP: 3/19 MP: 6/6
  1538 | D:2      | Reached XP level 4. HP: 23/24 MP: 2/7
  2068 | D:2      | Reached skill level 5 in Stealth
  2971 | D:3      | Reached skill level 1 in Fighting
  2971 | D:3      | Reached XP level 5. HP: 29/29 MP: 8/8
  3003 | D:3      | You fall through a shaft!
  3019 | D:4      | Killed from afar by an orc priest

Skill      XL: |  1  2  3  4 |
---------------+-------------+-----
Dodging        | 3 |  3.8
Short Blades   | 2 3 |  3.3
Stealth        | 5 |  5.0
Fighting       | 1 |  1.1
Spellcasting   | |  2.3
Hexes          | |  3.1

Action                   |  1- 3 |  4- 6 || total
-------------------------+-------+-------++-------
Melee: Dagger            |   199 |   218 ||   417
 Cast: Ensorcelled Hiber |     2 |       ||     2
       Corona            |     1 |     1 ||     2
  Use: Potion            |     2 |     2 ||     4
       Scroll            |     2 |     3 ||     5
 Stab: Sleeping          |     4 |     2 ||     6
       Distracted        |       |     1 ||     1
  Eat: Chunk             |    10 |     6 ||    16
Armor: Robe              |    26 |    28 ||    54
Dodge: Dodged            |   170 |   197 ||   367
